 Dungeon Crawl Stone Soup version 0.30.0-19-g36f170ea60 (webtiles) character file.

Game seed: 11489111991370376922

312 Graphine the Magician (level 6, 0/32 HPs)
             Began as a Deep Elf Earth Elementalist on June 1, 2023.
             Slain by Pikel
             ... wielding a +1 whip of flaming
              (3 damage)
             ... on level 4 of the Dungeon.
             The game lasted 00:05:17 (2631 turns).

Graphine the Magician (Deep Elf Earth Elementalist) Turns: 2631, Time: 00:05:18

Health: 0/32       AC:  6    Str:  5    XL:     6   Next: 18%
Magic:  11/17      EV: 12    Int: 22    God:
Gold:   161        SH:  0    Dex: 15    Spells: 13/18 levels left

rFire   . . .        j - +1 dagger (speed)
rCold   + . .        (no shield)
rNeg    . . .        a - +0 robe
rPois   .            h - +0 helmet
rElec   .            i - +2 cloak
rCorr   .            (no gloves)
SInv    .            (no boots)
Will    .....        (no amulet)
Stlth   ++           (no ring)
HPRegen 1.05/turn    (no ring)
MPRegen 0.15/turn

%: no passive effects
@: no status effects
A: cold resistance 1, regeneration 1, noise suppression
a: no special abilities


You were on level 4 of the Dungeon.
You visited 1 branch of the dungeon, and saw 4 of its levels.

You collected 161 gold pieces.

Inventory:

Hand Weapons
 c - a +0 dagger
 j - a +1 dagger of speed (weapon)
Missiles
 l - 6 curare-tipped darts
Armour
 a - a +0 robe (worn)
 h - a +0 helmet (worn)
 i - a +2 cloak (worn)
 m - a scarf of harm
Wands
 d - a wand of roots (9)
Scrolls
 k - a scroll of fear {unknown}
Potions
 b - a potion of magic
 f - a potion of degeneration {unknown}
 g - 4 potions of lignification
 n - a potion of heal wounds {unknown}


   Skills:
 - Level 2.4 Dodging
 - Level 2.4 Stealth
 + Level 6.5 Spellcasting
 - Level 1.1 Transmutations
 + Level 5.9 Earth Magic


You had 13 spell levels left.
You knew the following spells:

 Your Spells              Type           Power      Damage    Failure   Level
a - Sandblast             Erth           66%        2d15      1%          1
b - Petrify               Tmut/Erth      22%        N/A       21%         4

Your spell library contained the following spells:

 Spells                   Type           Power      Damage    Failure   Level
 Passwall                 Tmut/Erth      18%        N/A       3%          2
 Stone Arrow              Conj/Erth      40%        3d9       8%          3
 Inner Flame              Hex/Fire       7%         N/A       26%         3
 Yara's Violent Unravell  Hex/Tmut       4%         3d4       88%         5
 Enfeeble                 Hex            3%         N/A       100%        7


Dungeon Overview and Level Annotations

Branches:
Dungeon (4/15)
 Temple: D:4-7

Altars:

Shops:
D:2 (

Annotations:
D:4 Pikel


Innate Abilities, Weirdness & Mutations

Your flesh is cold resistant. (rC+)
Your natural rate of healing is unusually fast.
You passively dampen the noise of your surroundings.


Message History

Pikel is lightly wounded.
Pikel shouts!
The blast of sand hits Pikel.
Pikel is moderately wounded.
Pikel hits you with a +1 whip of flaming.
Pikel burns you.
The blast of sand hits Pikel!
Pikel is heavily wounded.
Pikel hits you with a +1 whip of flaming.
Pikel burns you. Pikel hits you but does no damage.
The lemure barely misses you.
The blast of sand hits Pikel.
Pikel is severely wounded.
The lemure hits you. Pikel barely misses you.
The blast of sand hits Pikel!
Pikel is severely wounded.
The lemure hits you. Pikel closely misses you. The lemure closely misses you.
Pikel hits you with a +1 whip of flaming!
* * * LOW HITPOINT WARNING * * *
Pikel burns you.
* * * LOW HITPOINT WARNING * * *
Okay, then.
Okay, then.
Okay, then.
Casting: Sandblast (safe; 1% risk of failure)
Confirm with . or Enter, or press ? or * to list all spells.
The spell is extremely dangerous to miscast (21% risk of failure)!
Continue anyway?
Aiming: Petrify (extremely dangerous; 21% risk of failure)
Press: ? - help, Shift-Dir - straight line, f/p - Pikel
Aim: Pikel, wielding a +1 whip of flaming and wearing a +0 robe (severely wounded, chance to affect: 54%)
Okay, then.
Casting: Petrify (extremely dangerous; 21% risk of failure)
Confirm with . or Enter, or press ? or * to list all spells.
Aiming: Sandblast (safe; 1% risk of failure)
Press: ? - help, Shift-Dir - straight line, f/p - Pikel
Aim: Pikel, wielding a +1 whip of flaming and wearing a +0 robe (severely wounded, 80% to hit)
The blast of sand hits Pikel.
Pikel is almost dead.
Pikel hits you with a +1 whip of flaming.
You die...

#.##.....5.
........g...............
...g..K..[..............
.......5.........#....#
.........# #.#.#.#.#.##
...<..5..# #..........#
...!........ .........#
......o.......##.)....#
.............55K@...##
.............!..5.#..###########
..#.#....[....##.....^.........#
.##.#....##.. #.....<.........#
. #.#....... ##...#..........#
## ###...#.....#### #......<..#
...........# ##.##.......#


You could see Pikel and 3 lemures.

Vanquished Creatures
  Sigmund (D:3)
  A lemure (D:3)
  Terence (D:3)
  An orc wizard (D:3)
  3 adders
  2 worms (D:3)
  A dart slug (D:2)
  7 orcs
  11 ball pythons
  7 endoplasms
  A giant cockroach (D:3)
  2 goblins (D:1)
  8 hobgoblins
  2 jackals (D:1)
  A quokka (D:1)
  3 bats
  3 frilled lizards
  4 kobolds
59 creatures vanquished.

Notes
Turn   | Place    | Note
-------+----------+-------------------------------------------
     0 | D:1      | Graphine the Deep Elf Earth Elementalist began the quest
                  | for the Orb.
     0 | D:1      | Reached XP level 1. HP: 10/10 MP: 6/6
   167 | D:1      | Reached XP level 2. HP: 15/15 MP: 4/8
   570 | D:1      | Gained mutation: Your natural rate of healing is unusually
                  | fast. [potion of mutation]
   570 | D:1      | Gained mutation: Your flesh is cold resistant. (rC+)
                  | [potion of mutation]
   570 | D:1      | Gained mutation: You passively dampen the noise of your
                  | surroundings. [potion of mutation]
   660 | D:2      | Reached skill level 4 in Spellcasting
   700 | D:2      | Found Wubrul's Antique Weapon Boutique.
   850 | D:2      | Reached XP level 3. HP: 19/19 MP: 8/10
  1770 | D:3      | Reached XP level 4. HP: 24/24 MP: 7/12
  1853 | D:3      | Noticed Sigmund
  1856 | D:3      | Killed Sigmund
  1857 | D:3      | Reached skill level 6 in Spellcasting
  1857 | D:3      | Reached skill level 5 in Earth Magic
  1857 | D:3      | Reached XP level 5. HP: 28/28 MP: 9/15
  1921 | D:3      | Reached XP level 6. HP: 24/32 MP: 14/17
  2497 | D:3      | Noticed Terence
  2504 | D:3      | Killed Terence
  2539 | D:3      | Learned a level 4 spell: Petrify
  2561 | D:4      | Noticed Pikel
  2630 | D:4      | HP: 1/32 [Pikel/+1 whip of flaming (5)]
  2631 | D:4      | Slain by Pikel

Illustrated notes

Levels and vault maps discovered:
D:1:      lightli_arrival_statuegarden, layout_rooms
D:2:      layout_basic, serial_shops, shop, minmay_vboxes
D:3:      layout_loops_ring, chequers_serial_rivers_marsh, uniq_sigmund,
          uniq_terence
D:4:      layout_rooms, grunt_dithmenos_smoke_and_mirrors, uniq_pikel

Skill      XL: |  1  2  3  4 |
---------------+-------------+-----
Spellcasting   | 4 6 |  6.5
Earth Magic    | 4 5 |  5.9
Dodging        | |  2.4
Stealth        | |  2.4
Transmutations | |  1.1

Action                     |  1- 3 |  4- 6 || total
---------------------------+-------+-------++-------
  Melee: Dagger            |       |     2 ||     2
   Cast: Sandblast         |    48 |    36 ||    84
    Use: Scroll            |     2 |     1 ||     3
         Potion            |     1 |       ||     1
 Armour: Robe              |     1 |     8 ||     9
  Dodge: Dodged            |     7 |    12 ||    19
